 Dungeon Crawl Stone Soup version 0.29-a0-492-g10b964d8d7 (webtiles) character file.

Game seed: 8598673459282178242

58 KyoPewz the Magician (level 3, -4/20 HPs)
             Began as a Deep Elf Hedge Wizard on May 27, 2022.
             Slain by a gnoll
             ... wielding a +0 club
              (7 damage)
             ... on level 1 of the Dungeon.
             The game lasted 00:10:05 (2086 turns).

KyoPewz the Magician (Deep Elf Hedge Wizard)        Turns: 2086, Time: 00:10:05

Health: -4/20      AC:  2    Str:  7    XL:     3   Next: 75%
Magic:  0/11       EV: 12    Int: 20    God:
Gold:   146        SH:  0    Dex: 14    Spells: 1/11 levels left

rFire   . . .      SeeInvis .   a - +0 dagger
rCold   . . .      Faith    .   (no shield)
rNeg    . . .      Spirit   .   b - +0 robe
rPois   .          Reflect  .   c - +0 hat
rElec   .          Harm     .   (no cloak)
rCorr   .          Rampage  .   (no gloves)
Will    .....                   (no boots)
Stlth   ++........              (no amulet)
HPRegen 0.06/turn               (no ring)
MPRegen 0.12/turn               (no ring)

@: no status effects
A: no striking features
a: no special abilities


You were on level 1 of the Dungeon.
You visited 1 branch of the dungeon, and saw 2 of its levels.

You collected 146 gold pieces.

Inventory:

Hand Weapons
 a - a +0 dagger (weapon)
 k - a +0 spear
Armour
 b - a +0 robe (worn)
 c - a +0 hat (worn)
 r - a +0 chain mail
Scrolls
 f - a scroll of teleportation {unknown}
 h - a scroll of vulnerability {unknown}
 i - 4 scrolls of identify {unknown}
 m - a scroll of amnesia {unknown}
 n - a scroll of enchant armour {unknown}
 p - 3 scrolls of noise {unknown}
Potions
 d - a potion of magic
 e - 2 potions of flight {unknown}
 g - a potion of lignification {unknown}
 j - a potion of haste {unknown}
 l - a potion of cancellation {unknown}
 o - a potion of might {unknown}
 q - a potion of berserk rage {unknown}


   Skills:
 + Level 1.2 Fighting
 - Level 2.5 Dodging
 - Level 2.5 Stealth
 - Level 4.5 Spellcasting
 - Level 2.0 Conjurations
 - Level 2.0 Hexes
 - Level 1.2 Summonings
 + Level 1.1 Necromancy
 - Level 1.3 Translocations


You had one spell level left.
You knew the following spells:

 Your Spells              Type           Power      Damage    Failure   Level
a - Magic Dart            Conj           48%        1d5       5%          1
b - Necrotize             Necr           36%        1d5       8%          1
c - Slow                  Hex            48%        N/A       5%          1
d - Blink                 Tloc           18%        N/A       11%         2
e - Call Imp              Summ           9%         N/A       11%         2
f - Conjure Flame         Conj/Fire      8%         6-21      24%         3

Your spell library contained the following spells:

 Spells                   Type           Power      Damage    Failure   Level
 Confusing Touch          Hex            12%        N/A       16%         3
 Vampiric Draining        Necr           9%         2d6       22%         3
 Mephitic Cloud           Conj/Pois/Air  7%         N/A       28%         3
 Agony                    Necr           9%         N/A       91%         5


Dungeon Overview and Level Annotations

Branches:
Dungeon (2/15)

Altars:


Message History

The magic dart hits the gnoll.
The gnoll is severely wounded.
The gnoll closely misses you.
You closely miss the gnoll.
The gnoll is severely wounded.
The gnoll misses you.
You closely miss the gnoll.
The gnoll is severely wounded.
The gnoll completely misses you.
You closely miss the gnoll.
The gnoll is severely wounded.
The gnoll hits you with a +0 club.
Your magical contamination has completely faded away.
The gnoll attacks as you move away! The gnoll hits you with a +0 club.
The gnoll attacks as you move away! The gnoll hits you with a +0 club.
You are too injured to fight recklessly!
Casting: Magic Dart (safe; 5% risk of failure)
Confirm with . or Enter, or press ? or * to list all spells.
Aiming: Magic Dart (safe; 5% risk of failure)
Press: ? - help, Shift-Dir - straight line, f/p - gnoll
Aim: a gnoll, wielding a +0 club (severely wounded, 100% to hit)
You miscast Magic Dart.
You are very lightly contaminated with residual magic.
Nothing appears to happen.
The gnoll hits you with a +0 club.
* * * LOW HITPOINT WARNING * * *
The gnoll attacks as you move away! The gnoll closely misses you.
The gnoll attacks as you move away! The gnoll completely misses you.
Your magical contamination has completely faded away.
The gnoll attacks as you move away! The gnoll hits you with a +0 club.
* * * LOW HITPOINT WARNING * * *
The gnoll attacks as you move away! The gnoll hits you but does no damage.
The gnoll attacks as you move away! The gnoll barely misses you.
Unknown command.
Casting: Magic Dart (safe; 5% risk of failure)
Confirm with . or Enter, or press ? or * to list all spells.
Aiming: Necrotize (safe; 8% risk of failure)
Press: ? - help, Shift-Dir - straight line, f/p - gnoll
Aim: a gnoll, wielding a +0 club (severely wounded, chance to affect: 69%)
The gnoll writhes in agony.
The gnoll hits you with a +0 club!
You die...

#.#.##.##..............##...#
#.#........###...#######8...8
#.##.#####.###...########...#
#....#####......###..........
####..................#......
#########..........#......
#..........#......
#..............÷..
#@.........#......
#g.......>.#......
#..........#####.#
#.########## #..# #.# ##.##
#.# ########..#.
#####.#####...........
#...........##....###.
##........##+##......÷.


You could see a gnoll.

Vanquished Creatures
  2 gnolls
  An adder (D:2)
  4 endoplasms
  A giant cockroach (D:2)
  2 hobgoblins (D:2)
  3 kobolds
  A quokka (D:2)
  5 ball pythons
  6 bats
  A frilled lizard (D:1)
  A goblin (D:1)
  4 rats
31 creatures vanquished.

Notes
Turn   | Place    | Note
-------+----------+-------------------------------------------
     0 | D:1      | KyoPewz the Deep Elf Hedge Wizard began the quest for the
                  | Orb.
     0 | D:1      | Reached XP level 1. HP: 10/10 MP: 7/7
   266 | D:1      | Learned a level 1 spell: Necrotize
   268 | D:1      | Learned a level 1 spell: Slow
   462 | D:1      | Reached XP level 2. HP: 15/15 MP: 7/9
   465 | D:1      | Learned a level 2 spell: Blink
   468 | D:1      | Learned a level 2 spell: Call Imp
   856 | D:1      | Reached skill level 1 in Hexes
  1342 | D:2      | Reached XP level 3. HP: 20/20 MP: 9/11
  1385 | D:2      | Learned a level 3 spell: Conjure Flame
  1688 | D:2      | Reached skill level 1 in Fighting
  2004 | D:2      | Reached skill level 1 in Necromancy
  2086 | D:1      | Slain by a gnoll

Illustrated notes

Levels and vault maps discovered:
D:1:      minmay_arrival_diagonal_passages, layout_rooms, serial_corexii_hall,
          chequers_hall_statues_wall_a, corexii_hall_statues_i,
          dk_noncrumbling_4, hangedman_decor_clover_reticule
D:2:      layout_basic, serial_corexii_hall, chequers_hall_statues_y,
          corexii_hall_statues_x, chequers_garden

Skill      XL: |  1  2  3 |
---------------+----------+-----
Hexes          | 1 2 |  2.0
Conjurations   | 2 |  2.0
Fighting       | 1 |  1.2
Necromancy     | 1 |  1.1
Dodging        | |  2.5
Stealth        | |  2.5
Spellcasting   | |  4.5
Summonings     | |  1.2
Translocations | |  1.3

Action                   || total
-------------------------++-------
Melee: Dagger            ||     5
 Cast: Magic Dart        ||    87
       Call Imp          ||     2
       Slow              ||     6
       Necrotize         ||     1
 Stab: Sleeping          ||     1
Armor: Robe              ||     9
Dodge: Dodged            ||    20

Table legend: (Time is in decaauts)
 A = Elapsed time spent in this place.
 B = Non-inter-level travel time spent in this place.
 C = Inter-level travel time spent in this place.
 D = Time resting spent in this place.
 E = Time spent auto-exploring this place.
 F = Levels seen in this place.
 G = Mean time per level.
                   A        B        C        D        E       F      G
               +--------+--------+--------+--------+--------+-----+--------+
         Total |   2086 |   2071 |     15 |    207 |   1496 |   2 | 1043.0 |
       Dungeon |   2086 |   2071 |     15 |    207 |   1496 |   2 | 1043.0 |
               +--------+--------+--------+--------+--------+-----+--------+

Top non-repeatable levels by time:
     D:2: 1051 daAuts
     D:1: 1034 daAuts
